 Dungeon Crawl Stone Soup version 0.30.1-11-g7821555f0a (webtiles) character file.

Game seed: 6739626952068252998

164 lambdanil the Magician (level 5, -2/35 HPs)
             Began as a Djinni Fire Elementalist on Oct 27, 2023.
             Slain by Ijyb
             ... wielding a +0 club
              (5 damage)
             ... on level 3 of the Dungeon on Nov 3, 2023.
             The game lasted 00:08:39 (2407 turns).

lambdanil the Magician (Djinni Fire Elementalist)   Turns: 2407, Time: 00:08:40

Health: -2/35      AC:  2    Str:  7    XL:     5   Next: 73%
Gold:   131        EV: 12    Int: 19    God:
                   SH:  0    Dex: 13

rFire   + + .        c - +0 dagger (pain)
rCold   x . .        (no shield)
rNeg    . . .        a - +0 robe
rPois   ∞            (no helmet)
rElec   .            (no cloak)
rCorr   .            (no gloves)
SInv    .            (boots unavailable)
Will    .....        (no amulet)
Stlth   ++           (no ring)
HPRegen 0.25/turn    (no ring)
MPRegen 0.00/turn

%: infuse magic (-3 HP)
@: flying
A: sickness immunity, fire resistance 2, cold vulnerability 1, float, innate
caster, HP casting, extra vitality 1
a: no special abilities


You were on level 3 of the Dungeon.
You visited 1 branch of the dungeon, and saw 3 of its levels.

You collected 131 gold pieces.

Inventory:

Hand Weapons
 c - a +0 dagger of pain (weapon)
Armour
 a - a +0 robe (worn)
Scrolls
 b - a scroll of fear {unknown}
 f - 2 scrolls of enchant weapon {unknown}
 h - a scroll of teleportation {unknown}
 i - a scroll of fog {unknown}
 j - a scroll of poison {unknown}
Potions
 d - a potion of haste {unknown}
 e - 2 potions of mutation {unknown}
 g - a potion of berserk rage {unknown}


   Skills:
 + Level 2.7 Dodging
 + Level 2.1 Stealth
 + Level 4.3 Spellcasting


You knew the following spells:

 Your Spells              Type           Power      Damage    Failure   Level
a - Foxfire               Conj/Fire      80%        2x1d8     2%          1
b - Scorch                Fire           40%        2d6       3%          2
c - Volatile Blastmotes   Fire/Tloc      40%        2d13      7%          3
d - Inner Flame           Hex/Fire       20%        N/A       7%          3
e - Flame Wave            Conj/Fire      20%        2d7       22%         4
f - Freeze                Ice            80%        1d9       2%          1
g - Ensorcelled Hibernat  Hex/Ice        40%        N/A       3%          2
Your spell library was empty.

Dungeon Overview and Level Annotations

Branches:
Dungeon (3/15)

Altars:
Xom

Annotations:
D:3 Ijyb


Innate Abilities, Weirdness & Mutations

You are immune to sickness and miasma.
You are immune to poison.
Your flesh is very heat resistant. (rF++)
You are vulnerable to cold. (rC-)
You float through the air rather than walking.
You learn spells naturally, not from books.
Your magical power is your life essence.
You have superior vitality. (+4 MHP)


Message History

Flames lash the orc.
The orc is moderately wounded.
The orc's fire resistance burns away.
Ijyb is no longer more vulnerable to fire.
Ijyb closely misses you. Ijyb attacks as you move away!
Ijyb hits you but does no damage.
The orc is no longer more vulnerable to fire.
Casting: Scorch (safe; 3% risk of failure)
Confirm with . or Enter, or press ? or * to list all spells.
Flames lash the endoplasm.
You kill the endoplasm!
The orc is no longer more vulnerable to fire.
Ijyb screams, "Me stronger than you!" Ijyb barely misses you.
Casting: Scorch (safe; 3% risk of failure)
Confirm with . or Enter, or press ? or * to list all spells.
Flames lash the orc.
You kill the orc!
Ijyb closely misses you.
Casting: Scorch (safe; 3% risk of failure)
Confirm with . or Enter, or press ? or * to list all spells.
Flames lash the orc.
You kill the orc!
Ijyb hits you with a +0 club.
Casting: Scorch (safe; 3% risk of failure)
Confirm with . or Enter, or press ? or * to list all spells.
Flames lash the orc.
The orc is heavily wounded.
The orc's fire resistance burns away.
Ijyb hits you with a +0 club.
* * * LOW HITPOINT WARNING * * *
Casting: Scorch (safe; 3% risk of failure)
Confirm with . or Enter, or press ? or * to list all spells.
Flames lash Ijyb but do no damage.
* * * LOW HITPOINT WARNING * * *
Ijyb hits you with a +0 club.
* * * LOW HITPOINT WARNING * * *
The orc is no longer more vulnerable to fire.
Ijyb attacks as you move away! Ijyb barely misses you.
Ijyb attacks as you move away! Ijyb hits you with a +0 club.
You die...

###.##.>..... ...?....##
#.#....#..# /.(......#
#)..###..## .........#
#.......... ........$#
#..####.##. .<.......# ###.##
#...## ......... ######...#
#..)#
........#####......######...#
........)..og@..........<...#
........)####.##......#######
.........####.##......########
.........##..................#
.........#######......######..
.........# #......# ##.
........## ######## ##
#......##


You could see Ijyb and an orc.

Vanquished Creatures
  An iguana (D:3)
  An orc wizard (D:3)
  2 adders (D:3)
  2 worms (D:3)
  A dart slug (D:2)
  4 orcs (D:3)
  8 endoplasms
  4 giant cockroaches
  8 goblins
  4 hobgoblins
  11 jackals
  10 kobolds
  2 quokkas
  6 ball pythons
  4 bats
  4 frilled lizards
  3 rats (D:2)
75 creatures vanquished.

Vanquished Creatures (others)
  95 foxfires
95 creatures vanquished.

Grand Total: 170 creatures vanquished

Notes
Turn   | Place    | Note
-------+----------+-------------------------------------------
     0 | D:1      | lambdanil the Djinni Fire Elementalist began the quest for
                  | the Orb.
     0 | D:1      | lambdanil set off with the following spells memorised:
                  | Foxfire, Scorch, Volatile Blastmotes, Inner Flame, Flame
                  | Wave.
     0 | D:1      | Reached XP level 1. HP: 15/15 MP: 0/0
    75 | D:1      | Reached XP level 2. HP: 18/21 MP: 0/0
   201 | D:1      | Reached skill level 3 in Spellcasting
   292 | D:1      | Reached XP level 3. HP: 24/25 MP: 0/0
   292 | D:1      | Learned a level 1 spell: Freeze
  1089 | D:2      | Reached XP level 4. HP: 23/31 MP: 0/0
  1842 | D:3      | Found a faded altar of an unknown god.
  1862 | D:3      | Reached XP level 5. HP: 22/35 MP: 0/0
  1862 | D:3      | Learned a level 2 spell: Ensorcelled Hibernation
  2007 | D:3      | Reached skill level 4 in Spellcasting
  2334 | D:3      | Found a shimmering altar of Xom.
  2390 | D:3      | Noticed Ijyb
  2407 | D:3      | Slain by Ijyb

Illustrated notes

Levels and vault maps discovered:
D:1:      dpeg_arrival_tiny_g, layout_basic, minmay_liquid_box
D:2:      minmay_kobold_bridge, layout_basic
D:3:      layout_rooms, lemuel_doored_altar, chequers_ecumenical_altar_simple,
          chequers_serial_rivers_large_a, st_stairs_14,
          wander_ebering_terrifying_dragon_lair, uniq_ijyb

Skill      XL: |  1  2  3  4  5 |
---------------+----------------+-----
Spellcasting   | 3 4 |  4.3
Stealth        | 2 |  2.1
Dodging        | |  2.7

Action                     |  1- 3 |  4- 6 || total
---------------------------+-------+-------++-------
  Melee: Dagger            |       |     3 ||     3
   Cast: Foxfire           |    32 |    25 ||    57
         Scorch            |    19 |    35 ||    54
         Volatile Blastmot |       |     1 ||     1
 Armour: Robe              |     2 |     1 ||     3
  Dodge: Dodged            |     9 |    14 ||    23
